 Dungeon Crawl Stone Soup version 0.17-a0-2109-g117576f (webtiles) character file.

13920 4thArraOfDagon the Cleaver (level 11, -18/86 HPs)
             Began as a Demonspawn Gladiator on Oct 19, 2015.
             Was an Elder of Dithmenos.
             Killed from afar by Frances (64 damage)
             ... with an iron shot
             ... on level 13 of the Dungeon.
             The game lasted 00:31:26 (5088 turns).

4thArraOfDagon the Cleaver (Demonspawn Gladiator)   Turns: 5088, Time: 00:31:26

Health: -18/86     AC: 13    Str: 15    XL:     11   Next: 81%
Magic:  36/36      EV: 17    Int:  9    God:    Dithmenos [****..]
Gold:   464        SH:  0    Dex: 20    Spells: 2 memorised, 8 levels left

rFire  + . .     SeeInvis .     i - +3 falchion "Zuatiats" {drain, *Confuse MR+ MP+9 Int+2}
rCold  + . .     Clarity  .     x - +2 leather armour "Rugouv" {Regen+ MP+9 Int-5 Dex+5}
rNeg   + . .     SustAt   .     (no shield)
rPois  .         Gourm    .     (helmet restricted)
rElec  .         Spirit   .     (no cloak)
rCorr  .         Warding  .     g - +1 pair of gloves
rMut   .         Stasis   .     m - +1 pair of boots
MR     ++...                    (no amulet)
Stlth  +++++.....               B - ring of positive energy
                                (no ring)

@: wreathed by umbra, studying Stealth, very resistant to hostile enchantments,
quite stealthy
A: antennae 2, molten scales 3, blurry vision 1, cold resistance 1, demonic
guardian 2, foul stench 1, magic resistance 1, rot immunity
a: Shadow Step, Renounce Religion


You were on level 13 of the Dungeon.
You worshipped Dithmenos.
Dithmenos was greatly pleased with you.
You were not hungry.

You visited 1 branch of the dungeon, and saw 13 of its levels.
You also visited: Bailey.

You collected 464 gold pieces.

Inventory:

Hand Weapons
 a - a +0 war axe
 i - the +3 falchion "Zuatiats" (weapon) {drain, *Confuse MR+ MP+9 Int+2}
   (You found it on level 6 of the Dungeon)

   A truly terrible weapon, it drains the life of those it strikes.
   It affects your intelligence (+2).
   It affects your resistance to hostile enchantments.
   It affects your magic capacity (+9).
   It may confuse you when you take damage.
 G - a +0 broad axe
Armour
 c - a +0 helmet
 g - a +1 pair of gloves (worn)
 m - a +1 pair of boots (worn)
 x - the +2 leather armour "Rugouv" (worn) {Regen+ MP+9 Int-5 Dex+5}
   (You found it on level 7 of the Dungeon)

   It affects your intelligence (-5).
   It affects your dexterity (+5).
   It affects your magic capacity (+9).
   It increases your rate of regeneration.
 D - a troll hide
Jewellery
 n - a +1 ring of protection
 w - an uncursed ring of magical power
 y - an uncursed ring of teleportation
 B - a ring of positive energy (right hand)
 L - an uncursed ring of see invisible
Wands
 s - a wand of digging (23)
 u - a wand of flame (18)
 v - a wand of confusion (36)
 C - a wand of paralysis (9)
 M - a wand of polymorph (13)
 P - a wand of disintegration (4)
Scrolls
 k - 4 scrolls of noise
 o - 3 scrolls of identify
 r - a scroll of holy word
 t - 3 scrolls of remove curse
 z - a scroll of immolation
 F - a scroll of fog
 H - 3 scrolls of vulnerability
 J - 2 scrolls of blinking
 N - a scroll of teleportation
 S - a scroll of enchant weapon
Potions
 b - 2 potions of haste
 d - a potion of magic
 h - 2 potions of curing
 p - a potion of brilliance
 A - a potion of heal wounds
 K - 3 potions of might
 R - a potion of ambrosia
Books
 E - a book of Minor Magic

   Spells                             Type                      Level
   a - Magic Dart                     Conjuration                  1
   b - Blink                          Translocation                2
   c - Call Imp                       Summoning                    2
   d - Repel Missiles                 Charms/Air                   2
   e - Slow                           Hexes                        2
   f - Conjure Flame                  Conjuration/Fire             3
   g - Mephitic Cloud                 Conjuration/Poison/Air       3
 Q - a manual of Stealth
Miscellaneous
 q - a plain deck of summoning
 I - a plain deck of wonders
Comestibles
 e - 9 bread rations
 f - 5 meat rations
 j - a slice of pizza
 l - a royal jelly
 O - 3 mutagenic chunks of flesh


   Skills:
 - Level 8.1 Fighting
 - Level 10.4 Axes
 - Level 1.7 Throwing
 - Level 7.4 Dodging
 + Level 6.7 Stealth
 - Level 1.3 Spellcasting
 - Level 2.1 Charms
 - Level 2.3 Air Magic
 - Level 10.0 Invocations
 - Level 5.0 Evocations


You had 8 spell levels left.
You knew the following spells:

 Your Spells              Type           Power        Failure   Level  Hunger
a - Repel Missiles        Chrm/Air       #.....       28%         2    ###....
b - Blink                 Tloc           N/A          77%         2    ###....


Dungeon Overview and Level Annotations

Branches:
Dungeon (13/15)              Lair (0/8) D:10            Orc (0/4) D:11
 Temple: D:4-7       Vaults: D:13-14

Altars:
Dithmenos
Elyvilon
Gozag
Nemelex Xobeh
Sif Muna
Trog
Xom
The Shining One

Shops:
D:4 }=}   D:7 =

Annotations:
D:11 Nico3ck's ghost, journeyman FoAs
D:12 2 runed doors
D:13 Frances


Innate Abilities, Weirdness & Mutations

You have a pair of antennae on your head.
You are completely covered in molten scales (AC +4, EV -1, rF+).
A demonic guardian rushes to your aid.
You may emit foul miasma when damaged in melee.
You are immune to rotting.
Scrolls take you a little longer to read.
Your flesh is cold resistant.
You are resistant to hostile enchantments.


Message History

Frances is healed somewhat.
It is a wand of heal wounds.
Your ice devil hits Frances.
Your ice devil freezes Frances!!
Unknown command.
You strike the helpless Frances from a blind spot!
You hit Frances but do no damage.
Frances is almost dead.
Frances hits you with a war axe of freezing!
Frances freezes you. Frances misses your ice devil.
The big kobold closely misses you.
The kobold demonologist casts a cantrip, but nothing happens.
The big kobold barely misses you.
Your ice devil barely misses Frances.
The big kobold hits you but does no damage.
The big kobold looks sick.
Unknown command.
You hit Frances but do no damage.
Frances is almost dead.
Frances screams a word of power!
The iron shot hits you!
Ouch! That really hurt!
You die...

##.....##
##.......##
#.........#
+....K....+
#.........# #..
.##.......# #.. .#
#.@KK3# #..## .#
#3@.#
#....###.#####'##
#.#.........##.#
#......#.##.##.#
#......#.##.##.##
#........##.#...##
##......###......###
#.................#
##.#######.##.#...#


You could see Frances, a kobold demonologist, 2 big kobolds and 2 friendly ice
devils.

Vanquished Creatures
  An unseen horror (D:12)
  2 ugly things
  A griffon (D:12)
  The ghost of DEFE the Shield-Bearer, a novice DgFi (D:4)
  2 centaur skeletons (D:12)
  A two-headed ogre (D:6)
  A slime creature (D:12)
  A hill giant zombie (D:11)
  5 yaks
  A deep elf mage (D:11)
  A hungry ghost (D:10)
  A porcupine (D:10)
  A wolf (D:11)
  5 orc warriors
  A sky beast (D:12)
  A boggart (D:13)
  An ice beast (D:12)
  A wasp (D:12)
  3 phantoms
  3 centaurs
  An ogre (D:7)
  4 giant frogs
  A big kobold (D:12)
  2 troll zombies (D:11)
  2 scorpions
  9 killer bees
  5 wights (D:6)
  3 crimson imps
  2 giant frog zombies
  5 orc priests
  6 hounds
  A giant frog skeleton (D:5)
  A centaur zombie (D:9)
  4 orc wizards
  6 worker ants
  An iguana (D:11)
  2 sheep (D:12)
  A giant frog simulacrum (D:12)
  2 ogre zombies (D:11)
  A hound zombie (D:8)
  A hound skeleton (D:10)
  5 adders
  3 gnolls (D:5)
  A shadow imp (D:7)
  An adder skeleton (D:6)
  2 worms (D:4)
  23 orcs
  3 giant cockroaches
  2 hobgoblins
  4 jackals (D:4)
  8 kobolds
  3 quokkas
  A bat (D:3)
  4 giant geckos
  2 goblins (D:3)
  A goblin skeleton (D:11)
  2 goblin zombies (D:11)
  3 hobgoblin zombies (D:11)
  2 jackal skeletons
  An orc skeleton (D:11)
  12 orc zombies (D:11)
  2 rats (D:2)
179 creatures vanquished.

Vanquished Creatures (collateral kills)
  An ogre mage (D:12)
  2 hydras (D:12)
  Erica (D:10)
  A hill giant (D:11)
  An orc knight (Bailey)
  2 ugly things
  3 cyclopes (D:12)
  A centaur zombie (D:11)
  Psyche (D:11)
  2 trolls
  A two-headed ogre (D:10)
  A spriggan (D:7)
  A vampire mosquito (D:12)
  Eustachio (D:7)
  14 yaks
  Grum (D:11)
  A basilisk (D:10)
  A hill giant zombie (D:11)
  2 wolves (D:11)
  A hungry ghost (D:11)
  A centaur (D:12)
  A wasp (D:9)
  An ogre (D:11)
  A necrophage (D:9)
  4 boggarts (D:13)
  2 giant frogs
  2 wights (D:10)
  A troll zombie (D:11)
  5 killer bees
  A gnoll shaman (D:7)
  2 hounds
  A worker ant (D:11)
  An ogre zombie (D:11)
  2 sheep (D:12)
  6 gnolls
  2 adders (D:11)
  A shadow imp (D:10)
  A river rat (D:10)
  A goblin skeleton (D:11)
  An orc skeleton (D:11)
  2 orc zombies (D:11)
78 creatures vanquished.

Vanquished Creatures (others)
  A salamander stormcaller (D:11)
  2 hobgoblin zombies (D:11)
  A fire vortex (D:11)
  5 plants (D:10)
9 creatures vanquished.

Grand Total: 266 creatures vanquished

Notes
Turn   | Place    | Note
--------------------------------------------------------------
     0 | D:1      | 4thArraOfDagon the Demonspawn Gladiator began the quest for the Orb.
     0 | D:1      | Reached XP level 1. HP: 16/16 MP: 1/1
     7 | D:1      | Found a shimmering altar of Xom.
   239 | D:3      | Reached skill level 3 in Axes
   239 | D:3      | Gained mutation: You are partially covered in molten scales (AC +1). [demonic ancestry]
   239 | D:3      | Reached XP level 2. HP: 21/23 MP: 2/2
   300 | D:4      | Found Xugrut's Gadget Shop.
   322 | D:4      | Found a sparkling altar of Nemelex Xobeh.
   326 | D:4      | Got a turquoise-studded leather armour
   350 | D:4      | Identified the +1 leather armour "Cinloeph" {Str+2 SInv} (You found it on level 4 of the Dungeon)
   386 | D:4      | Gained mutation: You are immune to rotting. [demonic ancestry]
   386 | D:4      | Reached XP level 3. HP: 15/28 MP: 3/3
   397 | D:4      | Found Meqacw's Gadget Emporium.
   398 | D:4      | Noticed an ice beast
   462 | D:3      | Noticed a hound
   462 | D:3      | Found an opulent altar of Gozag.
   471 | D:3      | Killed a hound
   487 | D:3      | Noticed an ogre
   489 | D:3      | Gained mutation: You may emit foul miasma when damaged in melee. [demonic ancestry]
   489 | D:3      | Reached XP level 4. HP: 18/34 MP: 4/4
   524 | D:3      | You fall through a shaft for 3 floors!
   583 | D:6      | Found a shadowy altar of Dithmenos.
   602 | D:6      | Noticed Eustachio
   620 | D:6      | Noticed a giant frog
   624 | D:6      | Noticed a two-headed ogre
   634 | D:6      | Noticed a phantom
   642 | D:6      | Reached skill level 4 in Axes
   642 | D:6      | Killed a giant frog
   642 | D:6      | Gained mutation: You have a pair of small antennae on your head. [demonic ancestry]
   642 | D:6      | Reached XP level 5. HP: 35/41 MP: 5/5
   646 | D:6      | Killed a two-headed ogre
   646 | D:6      | Reached skill level 5 in Axes
   646 | D:6      | Gained mutation: You are mostly covered in molten scales (AC +3, EV -1). [demonic ancestry]
   646 | D:6      | Reached XP level 6. HP: 33/48 MP: 6/6
   662 | D:6      | Gained mutation: A weak demonic guardian rushes to your aid. [demonic ancestry]
   662 | D:6      | Reached XP level 7. HP: 21/54 MP: 7/7
   662 | D:6      | Killed a phantom
   715 | D:6      | Got a pitted falchion
   716 | D:6      | Identified the cursed +3 falchion "Zuatiats" {drain, *Confuse MR+ MP+9 Int+2} (You found it on level 6 of the Dungeon)
   727 | D:6      | Noticed a centaur
   745 | D:6      | Killed a centaur
   801 | D:5      | Entered Level 5 of the Dungeon
   917 | D:4      | Noticed a scorpion
   921 | D:4      | Killed a scorpion
   990 | D:4      | Reached skill level 6 in Axes
  1004 | D:4      | Found Buped's Jewellery Shoppe.
  1125 | D:4      | Noticed DEFE's ghost (novice DgFi)
  1151 | D:4      | Killed DEFE's ghost
  1151 | D:4      | Reached skill level 5 in Fighting
  1151 | D:4      | Reached skill level 5 in Dodging
  1151 | D:4      | Gained mutation: A demonic guardian rushes to your aid. [demonic ancestry]
  1151 | D:4      | Reached XP level 8. HP: 24/62 MP: 8/8
  1221 | D:3      | Found a bloodstained altar of Trog.
  1668 | D:7      | Found Silo's Jewellery Shoppe.
  1679 | D:7      | Noticed a giant frog
  1681 | D:7      | Reached skill level 7 in Axes
  1684 | D:7      | Killed a giant frog
  1751 | D:7      | Noticed an ogre
  1759 | D:7      | Killed Eustachio
  1761 | D:7      | Killed an ogre
  1785 | D:7      | Noticed a spriggan baker
  1789 | D:7      | Killed a spriggan baker
  1837 | D:7      | :(
  1868 | D:7      | Found a white marble altar of Elyvilon.
  1896 | D:7      | Got an encrusted leather armour
  2059 | D:8      | Identified the +2 leather armour "Rugouv" {Regen+ MP+9 Int-5 Dex+5} (You found it on level 7 of the Dungeon)
  2123 | D:8      | Found a shadowy altar of Dithmenos.
  2135 | D:8      | Became a worshipper of Dithmenos the Shadowed
  2231 | D:9      | Reached skill level 1 in Invocations
  2231 | D:9      | Reached skill level 1 in Evocations
  2374 | D:9      | Reached XP level 9. HP: 69/69 MP: 10/10
  2409 | D:9      | Found a glowing golden altar of the Shining One.
  2443 | D:9      | Reached skill level 8 in Axes
  2490 | D:9      | Noticed a troll
  2495 | D:9      | Killed a troll
  2507 | D:9      | Found a deep blue altar of Sif Muna.
  2552 | D:9      | Learned a level 2 spell: Repel Missiles
  2592 | D:10     | Entered Level 10 of the Dungeon
  2774 | D:10     | Reached skill level 5 in Invocations
  2779 | D:10     | Reached * piety under Dithmenos
  2807 | D:10     | HP: 3/71 [porcupine's spines (7)]
  2880 | D:10     | Reached skill level 9 in Axes
  2891 | D:10     | Found a staircase to the Lair.
  2895 | D:10     | Gained mutation: You have a pair of antennae on your head. [demonic ancestry]
  2895 | D:10     | Reached XP level 10. HP: 33/77 MP: 14/14
  2923 | D:10     | Found a flagged portal.
  2932 | Bailey   | Entered a bailey
  3017 | Bailey   | Noticed an orc knight
  3019 | Bailey   | Found a bloodstained altar of Trog.
  3024 | Bailey   | Killed an orc knight
  3089 | D:11     | Noticed Psyche
  3092 | D:11     | Reached skill level 1 in Stealth
  3147 | D:11     | Killed Psyche
  3170 | D:11     | Noticed a hill giant
  3175 | D:11     | Killed a hill giant
  3183 | D:11     | Noticed a white ugly thing
  3192 | D:11     | Killed a white ugly thing
  3214 | D:10     | Noticed Erica
  3223 | D:10     | Killed Erica
  3292 | D:11     | Noticed a salamander stormcaller
  3300 | D:11     | Reached ** piety under Dithmenos
  3311 | D:11     | Killed a salamander stormcaller
  3469 | D:11     | Found a staircase to the Orcish Mines.
  3486 | D:11     | Noticed Nico3ck's ghost (journeyman FoAs)
  3876 | D:10     | Reached skill level 10 in Axes
  3923 | D:10     | Gained mutation: You are completely covered in molten scales (AC +4, EV -1, rF+). [demonic ancestry]
  3923 | D:10     | Reached XP level 11. HP: 35/84 MP: 17/17
  3969 | D:11     | Noticed a purple ugly thing
  3980 | D:11     | Killed a purple ugly thing
  4015 | D:11     | Noticed Grum
  4025 | D:11     | Killed Grum
  4027 | D:11     | Reached *** piety under Dithmenos
  4257 | D:12     | Learned a level 2 spell: Blink
  4328 | D:12     | Found a large runed door.
  4328 | D:12     | Found a large runed door.
  4356 | D:12     | Reached skill level 1 in Charms
  4370 | D:12     | Gained mutation: Your flesh is cold resistant. [mutagenic meat]
  4371 | D:12     | Gained mutation: Scrolls take you a little longer to read. [mutagenic meat]
  4372 | D:12     | Gained mutation: You are resistant to hostile enchantments. [mutagenic meat]
  4428 | D:12     | Found a large runed door.
  4428 | D:12     | Found a large runed door.
  4447 | D:12     | Reached skill level 1 in Air Magic
  4558 | D:12     | Noticed an eight-headed hydra
  4576 | D:12     | Reached skill level 1 in Spellcasting
  4632 | D:12     | Killed an eight-headed hydra
  4708 | D:12     | Reached skill level 5 in Evocations
  4747 | D:12     | Noticed an ogre mage
  4750 | D:12     | Killed an ogre mage
  4824 | D:12     | Reached skill level 10 in Invocations
  4832 | D:12     | Reached **** piety under Dithmenos
  4841 | D:12     | Noticed an unseen horror
  4869 | D:12     | Killed an unseen horror
  4951 | D:12     | Noticed a six-headed hydra
  4956 | D:12     | Killed a six-headed hydra
  4956 | D:12     | Reached skill level 5 in Stealth
  5029 | D:13     | Noticed Frances
  5049 | D:13     | Noticed a tengu warrior
  5088 | D:13     | Killed from afar by Frances

Vault maps used:
D:1:      dpeg_arrival_sounds_slurp, xom_teletrap_fun
D:2:      kennysheep_the_goblin_king, nicolae_ru_path_of_blood, first_bread,
          uniq_robin
D:3:      nicolae_overflow_hidden_temple, old_standard_altar, ecumenical_altar_2
D:4:      nemelex_deck, serial_shops, shop_fountains, nicolae_shop_statue_plus,
          shop
D:5:      uniq_edmund
D:6:      minmay_temple_entry_fiery, basic_altar, uniq_eustachio
D:7:      kennysheep_mini, serial_shops, shop, the_bakery
D:8:      old_standard_altar, kennysheep_crisscross, minmay_misc_feat_chi,
          minmay_misc_feat_encased
D:9:      slow_altar_2, overflow_temple_1_default, led_sif_pool,
          amethyst_overflow_temple_binary
D:10:     minmay_lair_entry_grove, serial_co_window_serial,
          co_window_of_opportunity_a, co_window_paths_b, co_window_corner_a,
          co_window_corner_a, co_window_paths_b, co_window_corner_b,
          co_window_of_opportunity_c, co_window_corner_ca, co_window_2corner,
          co_window_broadway_c, co_window_paths_c, co_window_of_opportunity_b,
          enter_bailey_2, uniq_erolcha, uniq_erica
D:11:     zombieorc2_lemuel, uniq_psyche, uniq_grum
D:12:     serial_co_window_serial, co_window_of_opportunity_a,
          co_window_paths_b, co_window_paths_a, co_window_corner_a,
          co_window_corner_a, co_window_of_opportunity_a, co_window_corner_ca,
          co_window_broadway_b, co_window_2corner, co_window_4corner_a,
          glass_columns_a, minmay_hollow_rounded_squares
D:13:     david_vaults_2, basic_altar, uniq_frances, uniq_kirke
Bailey:   bailey_axe_3, bailey

Action                   |  1- 3 |  4- 6 |  7- 9 | 10-12 || total
-------------------------+-------+-------+-------+-------++-------
Melee: War axe           |    78 |    44 |       |       ||   122
       Falchion          |       |       |   287 |   505 ||   792
       Broad axe         |       |       |       |    14 ||    14
Throw: Throwing net      |     4 |     2 |       |       ||     6
 Abil: Evoke Teleportati |       |       |     2 |     4 ||     6
Evoke: Wand              |       |       |     5 |       ||     5
  Use: Potion            |     3 |     4 |     2 |     1 ||    10
       Scroll            |       |       |    13 |     7 ||    20
 Stab: Held in net/web   |       |     1 |       |       ||     1
       Sleeping          |       |       |     1 |     2 ||     3
       Paralysed         |       |       |     2 |       ||     2
       Distracted        |       |       |       |     2 ||     2
  Eat: Chunk             |       |       |     8 |    16 ||    24
